 Dungeon Crawl Stone Soup version 0.27.0-1-g7a089689b8 (webtiles) character file.

Game seed: 1715756599205821426

20339 Mesmaeker13 the Carver (level 12, 0/115 HPs)
             Began as a Minotaur Gladiator on Aug 6, 2021.
             Was a Priest of Zin.
             Slain by a minotaur (40 damage)
             ... in a Gauntlet.
             The game lasted 00:23:48 (16647 turns).

Mesmaeker13 the Carver (Minotaur Gladiator)        Turns: 16647, Time: 00:23:48

Health: 0/115      AC: 14    Str: 30    XL:     12   Next: 44%
Magic:  15/15      EV: 10    Int:  6    God:    Zin [***...]
Gold:   824        SH: 12    Dex: 11    Spells: 11/11 levels left

rFire    . . .     SeeInvis .   a - +1 long sword (venom)
rCold    + + .     Faith    .   z - +0 kite shield
rNeg     . . .     Spirit   .   N - +0 chain mail {rC+}
rPois    .         Reflect  .   c - +0 hat
rElec    .         Harm     .   R - +0 cloak
rCorr    .         Rampage  .   o - +0 pair of gloves
Will     .....     NoTele   +   (no boots)
Stlth    ..........             w - amulet of regeneration
HPRegen  1.29/turn              M - +6 ring of strength
MPRegen  0.14/turn              L - ring of protection from cold

@: mighty
A: horns 2, retaliatory headbutt
a: Renounce Religion, Recite, Vitalisation, Imprison, Donate Gold


You were in a Gauntlet.
You worshipped Zin.
Zin was most pleased with you.
You visited 3 branches of the dungeon, and saw 14 of its levels.
You also visited: Ossuary and Gauntlet.

You collected 915 gold pieces.
You donated 91 gold pieces to Zin.

Inventory:

Hand Weapons
 a - a +1 long sword of venom (weapon)
 F - a +5 arbalest of flaming
 Q - a +4 great sword
Missiles
 n - 351 stones (quivered)
Armour
 c - a +0 hat (worn)
 o - a +0 pair of gloves (worn)
 z - a +0 kite shield (worn)
 N - a +0 chain mail of cold resistance (worn)
 O - +0 shadow dragon scales
 R - a +0 cloak (worn)
Jewellery
 b - an amulet of reflection
 j - the ring of Truth {rN+ Will- Str+8 Int+2 Dex+6 Stlth-}
   (You found it in a Gauntlet)

   [ring of positive energy]

   Str:       It affects your strength (+8).
   Int:       It affects your intelligence (+2).
   Dex:       It affects your dexterity (+6).
   rN:        It protects you from negative energy.
   Will:      It decreases your willpower.
   Stlth:     It makes you less stealthy.
 w - an amulet of regeneration (around neck)
 L - a ring of protection from cold (right hand)
 M - a +6 ring of strength (left hand)
 S - a ring of fire
Wands
 h - a wand of mindburst (23)
 q - a wand of paralysis (1)
 x - a wand of iceblast (7)
 J - a wand of charming (12)
Scrolls
 e - 3 scrolls of blinking
 g - 2 scrolls of fog
 i - 5 scrolls of teleportation
 l - a scroll of vulnerability
 r - 3 scrolls of fear
 s - 4 scrolls of enchant weapon
 u - 3 scrolls of enchant armour
 E - 4 scrolls of noise
 I - a scroll of amnesia
 K - 2 scrolls of immolation
Potions
 f - 2 potions of lignification
 k - 2 potions of mutation
 m - 2 potions of flight {unknown}
 p - 2 potions of haste
 t - a potion of berserk rage {unknown}
 A - 8 potions of curing
 B - a potion of resistance {unknown}
 D - a potion of magic {unknown}
 G - 3 potions of attraction {unknown}
 H - a potion of might
 P - a potion of heal wounds


   Skills:
 + Level 13.3 Fighting
 + Level 13.5 Long Blades
 - Level 2.0 Throwing
 + Level 9.0 Armour
 - Level 7.0 Dodging
 - Level 7.7 Shields
 + Level 5.6 Invocations
 + Level 3.4 Evocations


You had 11 spell levels left.
You didn't know any spells.
Your spell library contained the following spells:

 Spells                   Type           Power      Damage    Failure   Level
 Blink                    Tloc           N/A        N/A       100%        2
 Slow                     Hex            0%         N/A       100%        2
 Sublimation of Blood     Necr           0%         N/A       100%        2
 Confusing Touch          Hex            0%         N/A       100%        3
 Dazzling Flash           Conj/Hex       0%         N/A       100%        3
 Lesser Beckoning         Tloc           0%         N/A       100%        3
 Iskenderun's Mystic Bla  Conj/Tloc      0%         2d3       100%        4
 Petrify                  Tmut/Erth      0%         N/A       100%        4
 Irradiate                Conj/Tmut      0%         3d14      100%        5
 Manifold Assault         Tloc           0%         N/A       100%        5
 Yara's Violent Unravell  Hex/Tmut       0%         3d3       100%        5
 Starburst                Conj/Fire      0%         8x6d3     100%        6


Dungeon Overview and Level Annotations

Branches:
Dungeon (11/15)            Temple (1/1) D:7            Lair (2/6) D:11
Ossuary (visited)         Gauntlet (1/1)
  Swamp: Lair:2-4    Shoals: Lair:2-4     Snake: Lair:2-4    Spider: Lair:2-4
    Orc: D:9-12

Altars:
Ashenzari
Cheibriados
Dithmenos
Elyvilon
Fedhas
Gozag
Hepliaklqana
Makhleb
Nemelex Xobeh
Okawaru
Qazlal
Ru
Sif Muna
Trog
Uskayaw
Vehumet
Wu Jian
Xom
Yredelemnul
Zin
The Shining One

Shops:
D:8 (   D:11 *

Annotations:
D:3 Grinder
D:4 1 exclusion
D:5 1 runed translucent door, 1 exclusion, Crazy Yiuf
D:10 2 transporters, theswoord's ghost, journeyman DsGl
Lair:2 3 runed translucent doors, Pechyafi's ghost, journeyman DDEE Gauntlet 6 transporters, 15 runed translucent doors


Innate Abilities, Weirdness & Mutations

You have a pair of horns on your head.
You reflexively headbutt those who attack you in melee.


Message History

The minotaur throws a javelin.
The javelin pierces through you but does no damage.
It was a potion of might.
You feel very mighty all of a sudden.
Aiming: Iceblast
Press: ? - help, Shift-Dir - straight line, f/p - minotaur
Aim: a minotaur, wielding a +3 battleaxe of electrocution, wearing a +0 chain mail, wearing a ring of positive energy and quivering javelins (moderately wounded)
The mass of ice explodes!
The iceblast engulfs the minotaur but does no damage.
The minotaur is moderately wounded.
Throw: throwing net
Press: ? - help, Q - select action, (/) - cycle Shift-Dir - straight line, f/p - minotaur
Aim: a minotaur, wielding a +3 battleaxe of electrocution, wearing a +0 chain mail, wearing a ring of positive energy and quivering javelins (moderately wounded, 74% to hit)
You throw a throwing net.
The throwing net barely misses the minotaur.
You hit the minotaur.
The minotaur is poisoned.
You headbutt the minotaur!!
The minotaur is heavily wounded.
The minotaur hits you with a +3 battleaxe of electrocution!
The minotaur gores you.
You hit the minotaur but do no damage.
You headbutt the minotaur, but do no damage.
The minotaur is heavily wounded.
The minotaur hits you with a +3 battleaxe of electrocution!!
The minotaur barely misses you.
You closely miss the minotaur.
The minotaur is heavily wounded.
You block the minotaur's attack.
The minotaur gores you but does no damage.
You barely miss the minotaur.
The minotaur furiously retaliates!
The minotaur headbutts you, but does no damage.
The minotaur is heavily wounded.
You hit the minotaur but do no damage. Your headbutt misses the minotaur.
The minotaur is heavily wounded.
The minotaur hits you with a +3 battleaxe of electrocution!!
The minotaur closely misses you.
Unknown command.
You hit the minotaur.
The minotaur is heavily wounded.
The minotaur hits you with a +3 battleaxe of electrocution!!!
You die...

#...#.#...#..#≈8≈#*********
#....©#..©#..#...##,**,,,,****
#...#.#..=#..#.8...,**,**,,,,**
#..##.##.$#..#...##,,,,**,**,,*
*,**..^##.#..#.8.##,**,,,,**,**
*,,,.....D#..#.....,**.**,,,,**
###########§§#...##,..,**,**,,*
............§#.©.##.#*,********
§..........§∩#..@H.(#*,',,,∩***
............≈#.©.##....#*****,*
###########..#...##,*#..,,**,**
#...#.....#..#.....,**,**,,,,**
#..#..##..#..#.8.##..,,**,**,,*
#..##..#..#..#...##,##,,,,**,**
#..#..##.[#..#.8...,**,**,,,,*
#..##©.#.©#..#...##,,,,**,****
#..#..##..#..#≈8≈#*********


You could see a minotaur (poisoned) and a five-headed hydra.

Vanquished Creatures
  A blizzard demon (Gauntlet)
  6 two-headed ogres
  Urug (D:11)
  Pikel (D:5)
  A cyclops (D:6)
  A manticore (D:11)
  A black mamba (Lair:1)
  A black mamba (shapeshifter) (D:9)
  2 cane toads (Lair:1)
  2 komodo dragons
  A troll (D:11)
  2 hornets (Gauntlet)
  12 blink frogs
  6 flying skulls (Gauntlet)
  9 yaks
  2 shadows
  A wraith (D:11)
  3 wyverns
  A basilisk (Lair:1)
  Grum (D:9)
  2 steam dragons
  An acid dragon (D:8)
  4 water moccasins
  4 ice beasts
  3 black bears
  6 orc warriors
  4 wolves
  A necrophage (D:6)
  A centaur (D:7)
  A lemure (D:5)
  2 gnoll sergeants
  4 scorpions
  6 bullfrogs
  A water moccasin zombie (D:7)
  A wyvern skeleton (D:7)
  A water moccasin skeleton (D:6)
  15 killer bees
  5 howler monkeys
  A bullfrog zombie (D:7)
  2 centaur zombies (D:10)
  5 hounds
  7 orc priests
  2 bullfrog skeletons (D:5)
  4 iguanas
  10 orc wizards
  A killer bee zombie (D:3)
  A howler monkey zombie (D:9)
  8 mummies (Ossuary)
  10 gnolls
  10 adders
  2 shadow imps (D:6)
  4 white imps
  3 adder skeletons (D:4)
  2 dart slugs (D:2)
  26 orcs
  3 ball pythons (D:1)
  8 bats
  9 endoplasms
  3 giant cockroaches
  8 goblins
  3 hobgoblins
  13 jackals
  5 quokkas
  2 frilled lizards
  2 hobgoblin zombies (Ossuary)
  8 kobolds
  5 kobold zombies (Ossuary)
  An orc zombie (Ossuary)
  7 rats
292 creatures vanquished.

Vanquished Creatures (others)
  A manticore (D:11)
  A demonic plant (Gauntlet)
  15 fungi
  7 plants
24 creatures vanquished.

Grand Total: 316 creatures vanquished

Notes
Turn   | Place    | Note
-------+----------+-------------------------------------------
     0 | D:1      | Mesmaeker13 the Minotaur Gladiator began the quest for the
                  | Orb.
     0 | D:1      | Reached XP level 1. HP: 18/18 MP: 0/0
   232 | D:1      | Reached XP level 2. HP: 18/25 MP: 1/1
  1065 | D:1      | Reached XP level 3. HP: 31/31 MP: 2/2
  1683 | D:2      | Reached XP level 4. HP: 31/39 MP: 3/3
  2535 | D:3      | Noticed Grinder
  2780 | D:3      | Reached XP level 5. HP: 42/46 MP: 4/4
  2786 | D:3      | Found an iron altar of Okawaru.
  2794 | D:3      | Reached skill level 5 in Long Blades
  3130 | D:4      | Reached skill level 5 in Dodging
  3341 | D:4      | Found a bloodstained altar of Trog.
  3341 | D:4      | Noticed a black bear
  3341 | D:4      | Noticed a black bear
  3925 | D:5      | Entered Level 5 of the Dungeon
  3948 | D:5      | Found a runed translucent door.
  3949 | D:5      | Noticed Crazy Yiuf
  3962 | D:5      | Reached XP level 6. HP: 55/55 MP: 5/5
  3972 | D:5      | Noticed a wyvern
  3984 | D:5      | Killed a wyvern
  3985 | D:5      | Reached skill level 5 in Fighting
  4186 | D:5      | Noticed Pikel
  4207 | D:5      | Killed Pikel
  4208 | D:5      | Reached XP level 7. HP: 54/64 MP: 6/6
  4290 | D:5      | Reached XP level 8. HP: 67/71 MP: 7/7
  4804 | D:4      | Reached skill level 1 in Shields
  5818 | D:6      | Found a sand-covered staircase.
  5824 | Ossuary  | Entered an ossuary
  6354 | D:7      | Found a basalt altar of Yredelemnul.
  6491 | D:7      | Found a shadowy altar of Dithmenos.
  6510 | D:7      | Reached XP level 9. HP: 82/82 MP: 8/8
  6784 | D:7      | Found a staircase to the Ecumenical Temple.
  7045 | D:7      | Reached skill level 5 in Shields
  7778 | D:7      | Found a sparkling altar of Nemelex Xobeh.
  7986 | Temple   | Entered the Ecumenical Temple
  8037 | Temple   | Became a worshipper of Zin the Law-Giver
  8037 | Temple   | Reached * piety under Zin
  8037 | Temple   | Reached ** piety under Zin
  8544 | D:6      | Noticed a cyclops
  8553 | D:6      | Killed a cyclops
  8554 | D:6      | Reached skill level 10 in Long Blades
  8650 | D:6      | Reached skill level 10 in Fighting
  9100 | D:6      | Reached XP level 10. HP: 85/93 MP: 9/9
  9131 | D:6      | Noticed a two-headed ogre
  9145 | D:6      | HP: 4/93 [two-headed ogre (19)]
  9148 | D:6      | Killed a two-headed ogre
  9637 | D:8      | Reached skill level 1 in Armour
 10233 | D:8      | Found Foostel's Antique Weapon Emporium.
 10252 | D:8      | Noticed a two-headed ogre
 10263 | D:8      | Killed a two-headed ogre
 10833 | D:9      | Reached skill level 5 in Armour
 10861 | D:9      | Noticed a black mamba
 10861 | D:9      | a jumping spider changed into a black mamba
 10868 | D:9      | Killed a black mamba
 10994 | D:9      | Reached XP level 11. HP: 62/104 MP: 10/10
 11468 | D:9      | Noticed Grum
 11476 | D:9      | Killed Grum
 11743 | D:9      | Reached *** piety under Zin
 11868 | D:10     | Entered Level 10 of the Dungeon
 11899 | D:10     | Found a sacrificial altar of Ru.
 11948 | D:10     | Noticed a two-headed ogre
 11957 | D:10     | Killed a two-headed ogre
 11958 | D:10     | Reached skill level 1 in Invocations
 12345 | D:10     | Noticed a two-headed ogre
 12346 | D:10     | Found a transporter.
 12346 | D:10     | Noticed theswoord's ghost (journeyman DsGl)
 12347 | D:10     | Found a transporter.
 12349 | D:10     | Identified the +7 dire flail of the Dancing Saviour {vamp,
                  | Stlth+}
 12349 | D:10     | Noticed a two-headed ogre
 12357 | D:10     | Noticed a two-headed ogre
 12366 | D:10     | Killed a two-headed ogre
 13192 | D:11     | Found a staircase to the Lair.
 13267 | D:11     | Noticed a two-headed ogre
 13282 | D:11     | Killed a two-headed ogre
 13496 | D:11     | Noticed a two-headed ogre
 13503 | D:11     | Killed a two-headed ogre
 13659 | D:11     | Found Zin's Purification Station.
 13672 | D:11     | Found a glowing silver altar of Zin.
 13685 | D:11     | Noticed Urug
 13696 | D:11     | Killed Urug
 14196 | D:11     | Reached skill level 1 in Evocations
 14394 | Lair:1   | Entered Level 1 of the Lair of Beasts
 14777 | Lair:1   | Reached XP level 12. HP: 113/113 MP: 14/14
 15776 | Lair:2   | Reached skill level 5 in Invocations
 15932 | Lair:2   | Found a runed translucent gate.
 15935 | Lair:2   | Found a runed translucent gate.
 15936 | Lair:2   | Found a runed translucent gate.
 15936 | Lair:2   | Noticed a five-headed hydra
 15938 | Lair:2   | Noticed a minotaur
 15949 | Lair:2   | Noticed Pechyafi's ghost (journeyman DDEE)
 16139 | Lair:2   | Found a gate leading to a gauntlet.
 16150 | Gauntlet | Entered a Gauntlet
 16150 | Gauntlet | Found a transporter.
 16150 | Gauntlet | Found a transporter.
 16150 | Gauntlet | Found a transporter.
 16177 | Gauntlet | Found a transporter.
 16181 | Gauntlet | Found a transporter.
 16194 | Gauntlet | Found a transporter.
 16198 | Gauntlet | Found a transporter.
 16204 | Gauntlet | Noticed a blizzard demon
 16210 | Gauntlet | Found a transporter.
 16228 | Gauntlet | Noticed a five-headed hydra
 16229 | Gauntlet | Found a transporter.
 16248 | Gauntlet | Found a transporter.
 16250 | Gauntlet | Found a transporter.
 16252 | Gauntlet | Found a runed translucent gate.
 16252 | Gauntlet | Found a runed translucent gate.
 16252 | Gauntlet | Found a runed translucent gate.
 16253 | Gauntlet | Found a large runed translucent door.
 16253 | Gauntlet | Found a large runed translucent door.
 16254 | Gauntlet | Found a large runed translucent door.
 16254 | Gauntlet | Found a large runed translucent door.
 16255 | Gauntlet | Found a large runed translucent door.
 16255 | Gauntlet | Found a large runed translucent door.
 16256 | Gauntlet | Found a large runed translucent door.
 16256 | Gauntlet | Found a large runed translucent door.
 16256 | Gauntlet | Found a runed translucent door.
 16256 | Gauntlet | Found a runed translucent door.
 16257 | Gauntlet | Found a large runed translucent door.
 16258 | Gauntlet | Found a large runed translucent door.
 16260 | Gauntlet | Found a transporter.
 16438 | Gauntlet | Paralysed by a hornet for 1 turns
 16442 | Gauntlet | Paralysed by a hornet for 2 turns
 16546 | Gauntlet | Identified the ring of Truth {rN+ Will- Str+8 Int+2 Dex+6
                  | Stlth-}
 16582 | Gauntlet | Killed a blizzard demon
 16590 | Gauntlet | Identified the +2 helmet of the Shoals {rF- rC- Dex+9 SInv}
 16636 | Gauntlet | Noticed a minotaur
 16647 | Gauntlet | Slain by a minotaur

Illustrated notes

Levels and vault maps discovered:
D:1:      psy_arrival_conway, layout_basic, minmay_misc_feat_five
D:2:      layout_basic
D:3:      layout_loops_cross, okawaru_altar_gauntlet_db, minmay_misc_feat_alley,
          uniq_grinder
D:4:      layout_loops_cross, trog_ov_bears_minmay, minmay_crossroads
D:5:      layout_basic, bh_walls_and_bars, uniq_pikel, uniq_crazy_yiuf_cottage
D:6:      minmay_octagon_keep, layout_basic, nicolae_ossuary_entry_plus,
          minmay_small_thing
D:7:      layout_layer_cave, mainiacjoe_overflow_catwalk, temple_pool_b,
          st_stairs_11, hangedman_feature_mirror
D:8:      layout_basic, serial_shops, shop_fountains, kennysheep_generic_room_6
D:9:      layout_loops_ring, kennysheep_generic_room_4, uniq_grum
D:10:     layout_loops_ring, mainiacjoe_overflow_six_doors_small,
          gammafunk_ghost_smash
D:11:     layout_loops_cross, lair_entry_dummy, serial_glass, glass_columns_a,
          glass_columns_a, item_on_display_a, due_unseen_surprise,
          amcnicky_mini_pool_small, zin_purify, uniq_urug
Temple:   compressed_dpeg_circular_temple
Lair:1:   layout_loops_ring
Lair:2:   layout_loops_ring, maelrawn_ghost_gauntlet_escape,
          gauntlet_entry_generic, minivault_26, chequers_serial_rivers_marsh
Gauntlet: gammafunk_gauntlet_hard_choice [gammafunk_gauntlet_arena_mazey,
          nicolae_gauntlet_arena_quarters,
          minmay_gauntlet_arena_make_your_own_arena,
          gammafunk_gauntlet_arena_corners, gammafunk_gauntlet_arena_split_x,
          gammafunk_gauntlet_arena_teeth, gauntlet_exit_green]

Skill      XL: |  1  2  3  4  5  6  7  8  9 10 11 12 |
---------------+-------------------------------------+-----
Long Blades    | 4 5 7 8 10 12 13 | 13.5
Fighting       | 3 4 6 8 10 11 12 13 | 13.3
Dodging        | 4 5 6 7 |  7.0
Shields        | 4 7 |  7.7
Armour         | 5 8 9 |  9.0
Invocations    | 4 5 |  5.6
Evocations     | 1 3 |  3.4
Throwing       | |  2.0

Action                   |  1- 3 |  4- 6 |  7- 9 | 10-12 || total
-------------------------+-------+-------+-------+-------++-------
Melee: Long sword        |    71 |   107 |   273 |   439 ||   890
       Headbutt          |    10 |    28 |    82 |   121 ||   241
Throw: Throwing net      |       |     1 |       |     3 ||     4
Evoke: Wand              |       |     3 |    14 |    19 ||    36
  Use: Scroll            |       |     4 |     2 |    12 ||    18
       Potion            |       |       |     4 |     3 ||     7
 Stab: Sleeping          |     1 |     2 |       |       ||     3
       Held in net/web   |       |     1 |       |       ||     1
       Paralysed         |       |    12 |     7 |     5 ||    24
Armor: Leather armour    |    26 |    21 |       |       ||    47
       Scale mail        |       |     3 |    58 |       ||    61
       Skin              |       |       |    10 |       ||    10
       Shadow dragon sca |       |       |    19 |     7 ||    26
       Chain mail        |       |       |       |    99 ||    99
Dodge: Dodged            |    53 |    64 |    95 |   100 ||   312
Block: Kite shield       |       |       |   163 |   286 ||   449
       Reflection        |       |       |     6 |     2 ||     8
       Rpst.: Long sword |     7 |    16 |    24 |    25 ||    72
